 Dungeon Crawl Stone Soup version 0.31-a0-18-gea43df2a32 (webtiles) character file.

Game seed: 4599068011516320439

11738 Dittersdorf the Blocker (level 11, -7/73 HPs)
             Began as a Gargoyle Fighter on May 10, 2023.
             Was an Elder of Qazlal.
             Mangled by Sonja
             ... wielding a +2 short sword of distortion
              (11 damage)
             ... on level 1 of the Lair of Beasts.
             The game lasted 00:16:43 (9297 turns).

Dittersdorf the Blocker (Gargoyle Fighter)          Turns: 9297, Time: 00:16:44

Health: -7/73      AC: 28    Str: 24    XL:     11   Next: 82%
Magic:  11/11      EV:  9    Int:  9    God:    Qazlal [****..]
Gold:   538        SH: 16    Dex:  9    Spells: 10/10 levels left

rFire   . . .        E - +1 demon whip (venom)
rCold   + . .        x - +0 kite shield
rNeg    + . .        y - +1 scale mail {rC+}
rPois   ∞            b - +0 helmet
rElec   +            k - +1 cloak
rCorr   +            s - +0 pair of gloves
SInv    .            f - +0 pair of boots
Will    .....        A - amulet of the acrobat Stlth
                     r - +4 ring of protection
HPRegen 0.32/turn    t - ring of resist corrosion
MPRegen 0.12/turn

%: repel missiles, acrobat
@: no status effects
A: sickness immunity, AC +8, negative energy resistance 1, electricity
resistance, torment resistance 1, petrification resistance
a: Renounce Religion, Upheaval, Elemental Force


You were on level 1 of the Lair of Beasts.
You worshipped Qazlal.
Qazlal was greatly pleased with you.
You visited 3 branches of the dungeon, and saw 12 of its levels.

You collected 588 gold pieces.
You spent 50 gold pieces at shops.

Inventory:

Hand Weapons
 E - a +1 demon whip of venom (weapon)
Missiles
 w - 3 throwing nets (quivered)
Armour
 b - a +0 helmet (worn)
 f - a +0 pair of boots (worn)
 g - a +0 plate armour
 k - a +1 cloak (worn)
 s - a +0 pair of gloves (worn)
 x - a +0 kite shield (worn)
 y - a +1 scale mail of cold resistance (worn)
Jewellery
 p - a ring of flight
 r - a +4 ring of protection (left hand)
 t - a ring of resist corrosion (right hand)
 A - an amulet of the acrobat (around neck)
Wands
 i - a wand of roots (13)
 o - a wand of flame (28)
 B - a wand of charming (12)
Scrolls
 a - a scroll of fear {unknown}
 c - a scroll of butterflies
 e - 3 scrolls of teleportation
 m - 2 scrolls of blinking
 v - a scroll of enchant weapon
 C - a scroll of magic mapping
Potions
 d - 4 potions of might
 h - 5 potions of mutation
 j - 10 potions of curing
 l - a potion of heal wounds
 n - 2 potions of invisibility
 q - a potion of haste
 u - 2 potions of flight
 z - a potion of brilliance
 D - 2 potions of berserk rage {unknown}


   Skills:
 + Level 10.7 Fighting
 + Level 9.6 Maces & Flails
 + Level 10.7 Armour
 + Level 10.7 Shields


You had 10 spell levels left.
You didn't know any spells.
Your spell library contained the following spells:

 Spells                   Type           Power      Damage    Failure   Level
 Magic Dart               Conj           0%         1d3       82%         1
 Sting                    Tmut/Pois      0%         1d3       82%         1
 Poisonous Vapours        Pois/Air       0%         N/A       91%         2
 Wereblood                Tmut           0%         N/A       91%         2
 Olgreb's Toxic Radiance  Pois           0%         N/A       100%        4
 Summon Hydra             Summ           0%         N/A       100%        7
 Sublimation of Blood     Necr           Unusable   N/A       N/A         2

Dungeon Overview and Level Annotations

Branches:
Dungeon (10/15)            Temple (1/1) D:4            Lair (1/5) D:9
    Orc: D:9-12

Altars:
Ashenzari
Cheibriados
Dithmenos
Elyvilon
Fedhas
Gozag
Hepliaklqana
Kikubaaqudgha
Makhleb
Nemelex Xobeh
Okawaru
Qazlal
Ru
Sif Muna
Trog
Uskayaw
Vehumet
Wu Jian
Xom
Yredelemnul
Zin
The Shining One

Shops:
D:2 (*([*   D:4 !

Annotations:
Lair:1 Sonja


Innate Abilities, Weirdness & Mutations

You are immune to sickness and miasma.
Your stone body is resilient. (AC +8)
You are immune to poison.
You resist negative energy. (rN+)
You are resistant to electric shocks. (rElec)
You are resistant to unholy torment.
You are immune to petrification.


Message History

You completely miss the salamander.
The salamander is almost dead.
The salamander hits you but does no damage.
You barely miss the salamander.
The salamander is almost dead.
You block the salamander's attack.
You barely miss the salamander.
The salamander is almost dead.
Sonja gestures wildly while chanting.
Sonja blinks!
You thrash the salamander!!
You kill the salamander!
Qazlal accepts your kill.
Sonja throws a curare-tipped dart.
The curare-tipped dart hits you.
Sonja shouts, "Too slow!"
Sonja throws a curare-tipped dart.
The curare-tipped dart misses you.
Sonja throws a curare-tipped dart.
You block the curare-tipped dart. You block Sonja's attack.
Sonja completely misses you. x2
You block Sonja's attack. Sonja misses you. Sonja barely misses you.
You miss Sonja. You block Sonja's attack. x3
You hit Sonja.
Sonja is poisoned.
Sonja is lightly wounded.
Sonja closely misses you. Sonja completely misses you.
Sonja hits you but does no damage. Space warps around you.
You closely miss Sonja.
Sonja is lightly wounded.
You block Sonja's attack. Sonja barely misses you.
Sonja hits you but does no damage.
You miss Sonja.
Sonja is lightly wounded.
You block Sonja's attack. Sonja hits you but does no damage.
Space warps around you. Sonja barely misses you.
You whack Sonja!
Sonja looks as sick as possible!
Sonja is heavily wounded.
You block Sonja's attack.
Sonja hits you with a +2 short sword of distortion.
Space warps horribly around you!!
* * * LOW HITPOINT WARNING * * *
Sonja hits you but does no damage. Space warps horribly around you!
You die...

.....#......8...8.............
.....+........>...............
........#...8...8......#......
.....#..##..........#..#......
..#.###....#....##....#.######
####...#....#####....####
#####...##.........####
.......####....°.#§#).##
............##+§@...#..#
...............K###.#..#
..............#####.#N##
....#...##..........#.#
....##.###..........#K# #
...###..##............# #
....##.##...........#.# #
...###)##...#.#.##.P#.## #
......†...........###..# #


You could see Sonja (extremely poisoned).

Vanquished Creatures
  3 two-headed ogres
  Amaemon (Lair:1)
  A salamander (Lair:1)
  A cane toad (Lair:1)
  An orange demon (Lair:1)
  An unseen horror (D:7)
  3 trolls
  A hornet (D:8)
  A shadow (D:8)
  A wraith (D:10)
  A wyvern (D:8)
  8 yaks
  A basilisk (Lair:1)
  2 steam dragons (D:8)
  3 vampire mosquitoes (D:10)
  Edmund (D:5)
  Duvessa (D:4)
  A water moccasin (D:5)
  2 ice beasts (D:6)
  4 orc warriors
  4 black bears
  A sky beast (D:8)
  3 centaurs
  2 ogres
  4 wolves (Lair:1)
  2 phantoms
  4 bullfrogs
  2 kobold brigands (D:9)
  4 gnoll sergeants
  7 scorpions
  3 wights (D:7)
  Dowan (D:4)
  8 killer bees
  4 howler monkeys
  5 jellies
  2 hounds (D:6)
  5 orc priests
  2 sleepcaps (D:7)
  8 orc wizards
  Ijyb (D:4)
  2 iguanas
  16 gnolls
  8 adders
  A shadow imp (D:7)
  3 white imps
  An ufetubus (D:6)
  A worm (D:4)
  2 dart slugs (D:1)
  46 orcs
  5 bats
  8 endoplasms
  2 giant cockroaches (D:2)
  6 hobgoblins
  3 jackals (D:2)
  17 kobolds
  3 quokkas (D:1)
  5 ball pythons
  8 frilled lizards
  5 goblins
  3 rats
255 creatures vanquished.

Vanquished Creatures (others)
  An orc wizard (D:4)
1 creature vanquished.

Grand Total: 256 creatures vanquished

Notes
Turn   | Place    | Note
-------+----------+-------------------------------------------
     0 | D:1      | Dittersdorf the Gargoyle Fighter began the quest for the
                  | Orb.
     0 | D:1      | Reached XP level 1. HP: 14/14 MP: 1/1
   174 | D:1      | Reached XP level 2. HP: 19/19 MP: 2/2
   541 | D:1      | Reached XP level 3. HP: 23/23 MP: 3/3
   796 | D:2      | Found Usosh's Weapon Shop.
   901 | D:2      | Found Yblit's Assorted Antiques.
  1022 | D:2      | Found Jiufyo's Assorted Antiques.
  1065 | D:2      | Reached XP level 4. HP: 28/29 MP: 4/4
  1219 | D:2      | Found Idwethe's Antique Weapon Boutique.
  1257 | D:2      | Found Evoinacex's Armour Emporium.
  1631 | D:3      | Found a faded altar of an unknown god.
  1691 | D:3      | Reached XP level 5. HP: 28/33 MP: 5/5
  2548 | D:4      | Noticed Duvessa
  2559 | D:4      | Noticed Dowan
  2568 | D:4      | Killed Duvessa
  2569 | D:4      | Reached XP level 6. HP: 34/39 MP: 6/6
  2578 | D:4      | Killed Dowan
  2600 | D:4      | Found a staircase to the Ecumenical Temple.
  2607 | Temple   | Entered the Ecumenical Temple
  2723 | Temple   | Became a worshipper of Qazlal Stormbringer
  2769 | D:4      | Noticed Ijyb
  2786 | D:4      | Killed Ijyb
  2853 | D:4      | Found Riuphosite's Distillery.
  2857 | D:4      | Bought a potion of heal wounds for 50 gold pieces
  3035 | D:4      | Reached skill level 5 in Fighting
  3035 | D:4      | Reached skill level 5 in Armour
  3035 | D:4      | Reached skill level 5 in Shields
  3035 | D:4      | Reached XP level 7. HP: 44/44 MP: 7/7
  3510 | D:4      | Reached * piety under Qazlal
  3717 | D:5      | Entered Level 5 of the Dungeon
  3897 | D:5      | Reached XP level 8. HP: 34/51 MP: 8/8
  4206 | D:5      | Noticed Edmund
  4244 | D:5      | Killed Edmund
  4260 | D:5      | Reached skill level 5 in Maces & Flails
  4647 | D:5      | Identified the +1 ring mail of Nemelex Xobeh's Regard {rC++
                  | Dex-5}
  5004 | D:6      | Reached XP level 9. HP: 55/56 MP: 9/9
  5502 | D:6      | Found a radiant altar of Vehumet.
  5502 | D:6      | Found an ancient bone altar of Kikubaaqudgha.
  5503 | D:6      | Found a shimmering blue altar of Sif Muna.
  5528 | D:6      | Got Vehumet's Spellbook of Momentum
  5724 | D:7      | Reached ** piety under Qazlal
  5730 | D:7      | You fall into a shaft and drop 3 floors!
  5730 | D:10     | Entered Level 10 of the Dungeon
  5787 | D:10     | Noticed a troll
  5807 | D:10     | Killed a troll
  5838 | D:10     | Reached XP level 10. HP: 45/64 MP: 10/10
  5945 | D:10     | Noticed a two-headed ogre
  5956 | D:10     | Killed a two-headed ogre
  6318 | D:8      | Found a blossoming altar of Fedhas.
  6387 | D:8      | Reached *** piety under Qazlal
  6788 | D:7      | Reached XP level 11. HP: 67/71 MP: 11/11
  7184 | D:7      | Found a broken altar of Ashenzari.
  7290 | D:7      | Reached **** piety under Qazlal
  7378 | D:7      | Found a basalt altar of Yredelemnul.
  7397 | D:7      | Found an opulent altar of Gozag.
  7486 | D:7      | Found an ornate altar of the Wu Jian Council.
  7717 | D:7      | Found an iron altar of Okawaru.
  7717 | D:7      | Found a glowing silver altar of Zin.
  7873 | D:8      | Found a snail-covered altar of Cheibriados.
  8120 | D:9      | Noticed a two-headed ogre
  8126 | D:9      | Reached skill level 10 in Fighting
  8130 | D:9      | Killed a two-headed ogre
  8131 | D:9      | Reached skill level 10 in Armour
  8131 | D:9      | Reached skill level 10 in Shields
  8316 | D:9      | Noticed a two-headed ogre
  8325 | D:9      | Killed a two-headed ogre
  8433 | D:9      | Found a white marble altar of Elyvilon.
  8603 | D:9      | Found a hazy altar of Hepliaklqana.
  8705 | D:9      | Noticed a +0 dagger
  8705 | D:9      | Noticed a +0 hand axe
  8706 | D:9      | Found a hide-covered altar of Uskayaw.
  8794 | D:9      | Found a staircase to the Lair.
  8867 | Lair:1   | Entered Level 1 of the Lair of Beasts
  8944 | Lair:1   | Noticed Amaemon
  8974 | Lair:1   | Killed Amaemon
  9249 | Lair:1   | Noticed a salamander
  9252 | Lair:1   | Noticed Sonja
  9289 | Lair:1   | Killed a salamander
  9297 | Lair:1   | Mangled by Sonja

Illustrated notes

Levels and vault maps discovered:
D:1:      evilmike_arrival_plus, layout_basic, kennysheep_small_spiral
D:2:      layout_loops_cross, serial_shops, shop,
          nicolae_shop_just_a_little_nook,
          nicolae_shop_temple_entry_statues_fountains, nicolae_shop_trees,
          nicolae_shop_tiny_waterfront
D:3:      layout_basic, basic_ecumenical_altar, grunt_decor_arrowhead
D:4:      layout_loops_corners, minmay_temple_entry_purple_smoke, serial_shops,
          shop, minmay_misc_feat_diagonals, nicolae_nh_ransacked_shop,
          uniq_ijyb, uniq_duvessa
D:5:      layout_basic, solitary_fountain, minivault_1, uniq_edmund
D:6:      layout_basic, grunt_temple_overflow_magic_moments
D:7:      layout_loops_corners, ashenzari_altar_1,
          nicolae_gozag_cash_rules_everything_around_me,
          nzn_wu_jian_contemplation, gammafunk_temple_overflow_elements,
          mainiacjoe_overflow_paths, enter_bailey_2,
          amcnicky_mini_corridor_feature, hangedman_glass_teeth,
          minmay_misc_feat_square
D:8:      cheibrodos_steamvent, layout_basic, mainiacjoe_overflow_catwalk,
          marbit_many_paths, lightli_orcish_oven
D:9:      layout_loops_ring, dancing_weapons_uskayaw, elyvilon_altar_3,
          nicolae_hepliaklqana_hazy_memory, grunt_lair_entry_orc_guard_hut
D:10:     layout_loops_ring, enter_trove_5
Temple:   nicolae_temple_superstar
Lair:1:   layout_gridlike, grunt_megastairs_2, uniq_sonja, uniq_amaemon

Skill      XL: |  1  2  3  4  5  6  7  8  9 10 11 |
---------------+----------------------------------+-----
Fighting       | 4 5 6 8 9 10 | 10.7
Armour         | 4 5 6 8 9 10 | 10.7
Shields        | 4 5 6 8 9 10 | 10.7
Maces & Flails | 3 4 5 7 8 9 |  9.6

Action                     |  1- 3 |  4- 6 |  7- 9 | 10-12 || total
---------------------------+-------+-------+-------+-------++-------
  Melee: Flail             |   144 |   142 |   359 |   481 ||  1126
         Demon whip        |       |       |       |    22 ||    22
    Use: Scroll            |       |     8 |     6 |     7 ||    21
 Armour: Scale mail        |    77 |    12 |       |   284 ||   373
         Chain mail        |       |    49 |   225 |     1 ||   275
  Dodge: Dodged            |    77 |    55 |   119 |   162 ||   413
  Block: Buckler           |    37 |    36 |   143 |       ||   216
         Kite shield       |       |       |    11 |   413 ||   424

Table legend: (Time is in decaauts)
 A = Elapsed time spent in this place.
 B = Non-inter-level travel time spent in this place.
 C = Inter-level travel time spent in this place.
 D = Time resting spent in this place.
 E = Time spent auto-exploring this place.
 F = Levels seen in this place.
 G = Mean time per level.
                   A        B        C        D        E       F      G
               +--------+--------+--------+--------+--------+-----+--------+
         Total |   9464 |   9040 |    424 |    517 |   5862 |  12 |  788.7 |
       Dungeon |   8913 |   8517 |    396 |    470 |   5543 |  10 |  891.3 |
        Temple |    125 |     98 |     27 |      0 |     80 |   1 |  125.0 |
          Lair |    424 |    424 |      0 |     47 |    239 |   1 |  424.0 |
               +--------+--------+--------+--------+--------+-----+--------+

Top non-repeatable levels by time:
     D:7: 1282 daAuts
     D:4: 1261 daAuts
     D:5: 1127 daAuts
     D:3: 910 daAuts
     D:8: 892 daAuts
     D:1: 825 daAuts
     D:9: 823 daAuts
     D:6: 793 daAuts
     D:2: 742 daAuts
  Lair:1: 424 daAuts
    D:10: 254 daAuts
  Temple: 125 daAuts
